 Dungeon Crawl Stone Soup version 0.30.1-9-gdf580d7c3d (webtiles) character file.

Game seed: 4033342247543160893

23858 Ivernyr the Carver (level 13, -19/74 HPs)
             Began as a Vine Stalker Gladiator on Sept 27, 2023.
             Was the Champion of Wu Jian.
             Demolished by an azure jelly (40 damage)
             ... in an ice cave on Sept 28, 2023.
             The game lasted 00:41:24 (11683 turns).

Ivernyr the Carver (Vine Stalker Gladiator)        Turns: 11683, Time: 00:41:25

Health: -19/74     AC: 13    Str: 26    XL:     13   Next: 9%
Magic:  0/14       EV: 19    Int:  8    God:    Wu Jian [******]
Gold:   600        SH:  0    Dex: 21    Spells: 12/12 levels left

rFire   . . .        a - +1 triple sword (holy)
rCold   . . .        (shield currently unavailable)
rNeg    + . .        b - +2 ring mail of Ceferr Diwk {Str+3 SInv}
rPois   .            K - +2 helmet {SInv}
rElec   +            B - +0 cloak
rCorr   .            A - +0 pair of gloves
SInv    +            p - +0 pair of boots
Will    ++...        c - amulet "Ceis" {Faith rElec Will+ Regen+ Slay+3}
Stlth   +            H - +6 ring of strength
HPRegen 1.92/turn    G - ring of positive energy
MPRegen 0.14/turn

%: guardian spirit, faith
@: exhausted
A: fangs 3, regeneration 1, magic shield, antimagic bite, no potion heal 2
a: Renounce Religion, Wall Jump, Serpent's Lash, Heavenly Storm


You were in an ice cave.
You worshipped Wu Jian.
Wu Jian was exalted by your worship.
You visited 2 branches of the dungeon, and saw 12 of its levels.
You also visited: Ossuary, Bailey and Ice Cave.

You collected 765 gold pieces.
You spent 165 gold pieces at shops.

Inventory:

Hand Weapons
 a - a +1 triple sword of holy wrath (weapon)
Missiles
 d - 4 throwing nets (quivered)
 e - 11 javelins
Armour
 b - the +2 ring mail of Ceferr Diwk (worn) {Str+3 SInv}
   (You acquired it on level 8 of the Dungeon)

   Str:       It affects your strength (+3).
   SInv:      It lets you see invisible.
 p - a +0 pair of boots (worn)
 A - a +0 pair of gloves (worn)
 B - a +0 cloak (worn)
 K - a +2 helmet of see invisible (worn)
Jewellery
 c - the amulet "Ceis" (around neck) {Faith rElec Will+ Regen+ Slay+3}
   (You acquired it on level 8 of the Dungeon)

   [amulet of faith]

   It allows you to gain divine favour quickly.
   Slay:      It affects your accuracy & damage with ranged weapons and melee
   (+3).
   rElec:     It insulates you from electricity.
   Regen:     It increases your rate of health regeneration.
   Will:      It increases your willpower.
 q - a ring of see invisible
 G - a ring of positive energy (right hand)
 H - a +6 ring of strength (left hand)
Wands
 z - a wand of polymorph (10)
 D - a wand of flame (28)
 N - a wand of iceblast (8)
 R - a wand of acid (3)
Scrolls
 h - 6 scrolls of teleportation
 i - 7 scrolls of fog
 l - 2 scrolls of immolation {unknown}
 m - 4 scrolls of poison {unknown}
 n - 6 scrolls of enchant weapon
 t - 2 scrolls of silence
 w - 4 scrolls of amnesia
 y - 6 scrolls of enchant armour
 C - 3 scrolls of fear
 F - 4 scrolls of blinking {unknown}
 M - 2 scrolls of vulnerability {unknown}
 P - 3 scrolls of identify
 Q - a scroll of brand weapon {unknown}
 S - a scroll of noise {unknown}
Potions
 f - 4 potions of degeneration
 g - 3 potions of heal wounds
 j - 3 potions of flight
 k - 5 potions of curing
 o - a potion of mutation {unknown}
 r - 2 potions of cancellation
 s - 6 potions of haste
 u - a potion of ambrosia {unknown}
 v - 7 potions of brilliance
 x - 2 potions of resistance
 E - a potion of lignification {unknown}
 I - 2 potions of attraction {unknown}
 J - 2 potions of berserk rage {unknown}
 L - 3 potions of might {unknown}
 O - 3 potions of magic


   Skills:
 + Level 11.7 Fighting
 + Level 11.9 Long Blades
 - Level 1.7 Throwing
 + Level 11.0 Dodging


You had 12 spell levels left.
You didn't know any spells.
Your spell library contained the following spells:

 Spells                   Type           Power      Damage    Failure   Level
 Magic Dart               Conj           0%         1d3       54%         1
 Sting                    Tmut/Pois      0%         1d3       54%         1
 Summon Small Mammal      Summ           0%         N/A       54%         1
 Call Imp                 Summ           0%         N/A       69%         2
 Poisonous Vapours        Pois/Air       0%         N/A       69%         2
 Sublimation of Blood     Necr           0%         N/A       69%         2
 Call Canine Familiar     Summ           0%         N/A       89%         3
 Mephitic Cloud           Conj/Pois/Air  0%         N/A       89%         3
 Summon Guardian Golem    Hex/Summ       0%         N/A       89%         3
 Anguish                  Hex/Necr       0%         N/A       100%        4
 Cause Fear               Hex            0%         N/A       100%        4
 Olgreb's Toxic Radiance  Pois           0%         N/A       100%        4
 Petrify                  Tmut/Erth      0%         N/A       100%        4
 Irradiate                Conj/Tmut      0%         3d11      100%        5
 Enfeeble                 Hex            0%         N/A       100%        7


Dungeon Overview and Level Annotations

Branches:
Dungeon (9/15)             Temple (0/1) D:5            Lair (3/5) D:9
  Snake (0/4) Lair:2      Ossuary (visited)          Bailey (visited)
  IceCv (1/1)
  Swamp: Lair:2-3    Shoals: Lair:2-3       Orc: D:9-12

Altars:
Ashenzari
Cheibriados
Fedhas
Hepliaklqana
Nemelex Xobeh
Sif Muna
Trog
Vehumet
Wu Jian
Xom
Zin

Shops:
D:7 *?

Annotations:
D:5 3 runed translucent doors, Onni's ghost, novice TrBe
D:9 1 runed translucent door, Venard's ghost, journeyman OgAr


Innate Abilities, Weirdness & Mutations

You have razor-sharp teeth.
Your natural rate of healing is unusually fast.
When hurt, damage is shared between your health and your magic reserves.
Your bite disrupts and absorbs the magic of your enemies.
Potions cannot restore your health.


Message History

The azure jelly closely misses you.
The azure jelly hits you but does no damage.
The azure jelly closely misses you.
The azure jelly hits you but does no damage.
The azure jelly closely misses you. The azure jelly hits you!
You hit the azure jelly. You bite the azure jelly. You drain its power.
You feel invigorated.
The azure jelly is severely wounded.
The azure jelly barely misses you. The azure jelly misses you.
The azure jelly hits you but does no damage.
The azure jelly misses you.
You slash the azure jelly! Your bite misses the azure jelly.
The azure jelly is almost dead.
The azure jelly completely misses you. The azure jelly misses you.
The azure jelly hits you! The azure jelly closely misses you.
You hit the azure jelly.
The azure jelly is almost dead.
The azure jelly hits you but does no damage.
The azure jelly completely misses you. The azure jelly hits you!
The azure jelly barely misses you. The azure jelly misses you.
The azure jelly hits you. The azure jelly freezes you!!!
The azure jelly hits you.
* * * LOW HITPOINT WARNING * * *
The azure jelly closely misses you.
You slash the azure jelly! Your bite misses the azure jelly.
The azure jelly is almost dead.
The azure jelly misses you. The azure jelly barely misses you.
The azure jelly hits you but does no damage.
The azure jelly hits you.
* * * LOW HITPOINT WARNING * * *
Unknown command.
You closely miss the azure jelly.
You bite the azure jelly, but do no damage.
The azure jelly is almost dead.
The azure jelly hits you but does no damage.
The azure jelly hits you.
* * * LOW HITPOINT WARNING * * *
The azure jelly freezes you!!!
Ouch! That really hurt!
You die...

##....###
###...........##
###....###J....###......#
##.........### ##.....#
####....### ###....#
###### ##.....##
##.....## .## ###...####
....## ####....##
#.....#####.@J..###
#.........####
####...#### ##.## ##.##
##...## #..∩..# ##.∩.##
#####


You could see an azure jelly.

Vanquished Creatures
  A quicksilver ooze (IceCv)
  An orc knight (Bailey)
  A cyclops (D:9)
  3 elephants (Lair:3)
  2 ice statues (IceCv)
  4 black mambas (Lair:2)
  4 cane toads
  A torpor snail (Lair:3)
  2 komodo dragons
  A hornet (D:8)
  2 polar bears
  2 blink frogs
  Sigmund (D:5)
  3 basilisks
  17 yaks
  25 slime creatures (IceCv)
  A wyvern (Lair:2)
  A death yak simulacrum (Lair:3)
  A steam dragon (D:6)
  Menkaure (D:5)
  11 water moccasins
  2 ice beasts (D:5)
  10 orc warriors
  10 black bears
  A great orb of eyes simulacrum (IceCv)
  2 ogres
  14 wolves
  4 centaurs
  A slime creature simulacrum (IceCv)
  2 kobold brigands
  9 bullfrogs
  3 glowing shapeshifter simulacra (IceCv)
  4 scorpions
  3 cane toad simulacra (Lair:3)
  2 gnoll sergeants
  7 wights
  4 killer bees (D:8)
  3 howler monkeys
  2 hounds
  3 quasits (D:6)
  5 orc priests
  A centaur zombie (Ossuary)
  2 gnoll boudas
  A jelly (D:5)
  Terence (D:3)
  Natasha (thrice) (D:3)
  4 iguanas
  4 orc wizards
  A polar bear simulacrum (Lair:3)
  4 shapeshifter simulacra (IceCv)
  A wolf simulacrum (Lair:3)
  6 mummies
  25 gnolls
  8 adders
  5 shadow imps
  2 white imps
  3 ufetubi (D:6)
  2 worms (D:3)
  A dart slug (D:1)
  37 orcs
  14 ball pythons
  8 bats
  9 endoplasms
  2 giant cockroaches
  12 goblins
  7 hobgoblins
  10 jackals
  14 kobolds
  5 quokkas
  5 frilled lizards
  6 hobgoblin zombies
  3 kobold zombies (D:8)
  4 rats
386 creatures vanquished.

Vanquished Creatures (others)
  A shadow imp (D:6)
1 creature vanquished.

Grand Total: 387 creatures vanquished

Notes
Turn   | Place    | Note
-------+----------+-------------------------------------------
     0 | D:1      | Ivernyr the Vine Stalker Gladiator began the quest for the
                  | Orb.
     0 | D:1      | Reached XP level 1. HP: 11/11 MP: 2/2
    81 | D:1      | Reached XP level 2. HP: 15/15 MP: 3/3
   393 | D:1      | Reached XP level 3. HP: 18/18 MP: 4/4
   947 | D:2      | Gained mutation: Your natural rate of healing is unusually
                  | fast. [Vine Stalker growth]
   947 | D:2      | Reached XP level 4. HP: 18/23 MP: 5/5
  1055 | D:2      | You fall into a shaft and drop 2 floors!
  1066 | D:4      | Noticed an ogre
  1187 | D:3      | Found an ornate altar of the Wu Jian Council.
  1358 | D:3      | Became a worshipper of the Wu Jian Council
  1399 | D:3      | Noticed Terence
  1411 | D:3      | Killed Terence
  1523 | D:2      | Reached XP level 5. HP: 28/28 MP: 6/6
  2349 | D:3      | Noticed Natasha
  2356 | D:3      | Killed Natasha
  2423 | D:3      | Found a blossoming altar of Fedhas.
  2423 | D:3      | Found a shimmering blue altar of Sif Muna.
  2605 | D:3      | Noticed Natasha
  2608 | D:3      | Killed Natasha
  2609 | D:3      | Reached XP level 6. HP: 31/32 MP: 5/7
  2864 | D:3      | Reached * piety under Wu Jian
  2881 | D:3      | Noticed Natasha
  2886 | D:3      | Killed Natasha
  2962 | D:4      | Found a broken altar of Ashenzari.
  3292 | D:4      | Reached XP level 7. HP: 36/37 MP: 8/8
  3317 | D:4      | Found a glowing silver altar of Zin.
  3399 | D:4      | Identified the +1 leather armour "Tempec" {rElec}
  3717 | D:5      | Entered Level 5 of the Dungeon
  3723 | D:5      | Reached skill level 5 in Long Blades
  3808 | D:5      | Gained mutation: You have razor-sharp teeth. [Vine Stalker
                  | growth]
  3808 | D:5      | Reached XP level 8. HP: 42/42 MP: 9/9
  3872 | D:5      | Reached skill level 5 in Fighting
  3909 | D:5      | Reached skill level 5 in Dodging
  3924 | D:5      | Noticed Menkaure
  3927 | D:5      | Found a staircase to the Ecumenical Temple.
  3941 | D:4      | Reached ** piety under Wu Jian
  3985 | D:5      | Killed Menkaure
  4031 | D:5      | Noticed Sigmund
  4046 | D:5      | Killed Sigmund
  4267 | D:5      | Found a runed translucent gate.
  4274 | D:5      | Found a runed translucent gate.
  4274 | D:5      | Found a runed translucent gate.
  4311 | D:5      | Noticed Onni's ghost (novice TrBe)
  4441 | D:5      | Reached XP level 9. HP: 48/48 MP: 10/10
  5141 | D:6      | Reached *** piety under Wu Jian
  5674 | D:7      | Found Girchosof's Assorted Antiques.
  5791 | D:7      | Found a flagged portal.
  5806 | Bailey   | Entered a bailey
  6059 | Bailey   | Reached **** piety under Wu Jian
  6130 | Bailey   | Reached XP level 10. HP: 52/55 MP: 8/11
  6158 | Bailey   | Noticed an orc knight
  6293 | Bailey   | HP: 2/55 [orc knight/+0 halberd (15)]
  6475 | Bailey   | Killed an orc knight
  6698 | D:7      | Found Ufewnein's Magic Scroll Emporium.
  7065 | D:7      | Bought a glowing helmet for 165 gold pieces
  7408 | D:8      | Found a sand-covered staircase.
  7414 | Ossuary  | Entered an ossuary
  7526 | D:8      | Found a sparkling altar of Nemelex Xobeh.
  7754 | D:8      | Found a bloodstained altar of Trog.
  7957 | D:8      | Identified 2 scrolls of acquirement
  7957 | D:8      | Acquired the +2 ring mail of Ceferr Diwk {Str+3 SInv}
  7972 | D:8      | Acquired the amulet "Ceis" {Faith rElec Will+ Regen+
                  | Slay+3}
  8010 | D:9      | Reached ***** piety under Wu Jian
  8023 | D:9      | Reached XP level 11. HP: 51/62 MP: 12/12
  8077 | D:9      | Acquired a +1 triple sword of holy wrath
  8227 | D:9      | Found a staircase to the Lair.
  8264 | D:9      | Found a runed translucent door.
  8312 | D:9      | Found a hazy altar of Hepliaklqana.
  8358 | D:9      | Noticed a cyclops
  8362 | D:9      | Killed a cyclops
  8402 | D:9      | Noticed Venard's ghost (journeyman OgAr)
  8680 | D:9      | Found a snail-covered altar of Cheibriados.
  8680 | D:9      | Found a faded altar of an unknown god.
  8686 | D:9      | Found a faded altar of an unknown god.
  8690 | D:9      | Found a shimmering altar of Xom.
  8698 | D:9      | Found a radiant altar of Vehumet.
  9018 | Lair:1   | Entered Level 1 of the Lair of Beasts
  9857 | Lair:2   | Reached skill level 10 in Long Blades
  9987 | Lair:2   | Reached skill level 10 in Fighting
 10162 | Lair:2   | Found a staircase to the Snake Pit.
 10176 | Lair:2   | Reached XP level 12. HP: 67/67 MP: 13/13
 10784 | Lair:3   | Found a frozen archway.
 10786 | Lair:3   | Noticed a four-headed hydra
 10908 | Lair:3   | Reached skill level 10 in Dodging
 11000 | Lair:3   | Reached ****** piety under Wu Jian
 11053 | IceCv    | Entered an ice cave
 11568 | IceCv    | Reached XP level 13. HP: 45/74 MP: 10/14
 11606 | IceCv    | Noticed a quicksilver ooze
 11608 | IceCv    | Found a viscous altar of Jiyva.
 11608 | IceCv    | Noticed an azure jelly
 11614 | IceCv    | Killed a quicksilver ooze
 11683 | IceCv    | Demolished by an azure jelly

Illustrated notes

Levels and vault maps discovered:
D:1:      erik_arrival_blinker_ship, layout_basic, serial_rivers,
          chequers_serial_rivers_micro_c, chequers_serial_rivers_small_b,
          chequers_serial_rivers_marsh, chequers_serial_rivers_small_a,
          chequers_serial_rivers_micro_e, grunt_decor_junction,
          minmay_crystal_room, chequers_garden, st_stairs_6
D:2:      layout_basic, minmay_tripent
D:3:      minmay_angry_zag, layout_loops_ring, lemuel_tele_altar,
          mainiacjoe_overflow_large_starburst, grunt_ministairs_1, uniq_terence,
          uniq_natasha
D:4:      layout_gridville, zin_statuary, nicolae_ashenzari_skybound
D:5:      layout_basic, minmay_temple_entry_glass, gammafunk_ghost_icy,
          nicolae_concentric_dashed_squares_wild, uniq_sigmund, uniq_menkaure
D:6:      layout_rooms, serial_demonic, serial_demonic_c, serial_demonic_f,
          serial_demonic_e, serial_demonic_a, serial_demonic_d, serial_demonic_d
D:7:      layout_loops_ring, enter_bailey_4, serial_shops,
          nicolae_shop_behind_doors, nicolae_inconvenience_store
D:8:      layout_cave_pools, nemelex_xobeh_ov_fountains_minmay,
          lightli_temple_of_fire, gup_ossuary_entry_pyramid, minmay_mini_ossuary
D:9:      lemuel_ice_spiral_2, layout_basic, lemuel_crystal_altar,
          chequers_temple_overflow_minitemple, gammafunk_ghost_grave,
          minivault_5
Lair:1:   layout_chaotic_city, st_stairs_7, beast_lair_carwin_9
Lair:2:   layout_regular_city, minmay_snake_entry_six_corridors,
          serial_bayou_pond_b, beast_lair_carwin_7
Lair:3:   layout_roguey, swamp_mist_pool, nzn_ghost_randoct,
          portal_ice_cave_entry_ice_simulacra
IceCv:    ice_cave_hellmonk_azure_passage

Skill      XL: |  1  2  3  4  5  6  7  8  9 10 11 12 13 |
---------------+----------------------------------------+-----
Fighting       | 2 3 4 6 7 9 10 11 | 11.7
Long Blades    | 3 4 5 6 7 9 10 11 | 11.9
Dodging        | 3 4 5 7 8 9 10 11 | 11.0
Throwing       | |  1.7

Action                     |  1- 3 |  4- 6 |  7- 9 | 10-12 | 13-15 || total
---------------------------+-------+-------+-------+-------+-------++-------
  Melee: Long sword        |   118 |   186 |   390 |    90 |       ||   784
         Bite              |    29 |    49 |   114 |   220 |    10 ||   422
         Punch             |       |     5 |     6 |       |       ||    11
         Great sword       |       |       |       |   132 |       ||   132
         Triple sword      |       |       |       |   419 |    21 ||   440
 Invoke: Serpent's Lash    |       |       |       |    12 |     3 ||    15
Ability: Lunge             |       |    12 |    32 |    58 |     1 ||   103
         Whirlwind         |       |     3 |    18 |   151 |     7 ||   179
    Use: Scroll            |       |     1 |     5 |     8 |       ||    14
         Potion            |       |       |       |     5 |     1 ||     6
   Stab: Sleeping          |     1 |     1 |       |       |       ||     2
         Distracted        |       |       |       |     1 |       ||     1
 Armour: Leather armour    |    48 |     7 |       |       |       ||    55
         Ring mail         |       |    42 |   182 |   192 |    15 ||   431
  Dodge: Dodged            |   115 |   109 |   436 |   526 |    37 ||  1223
